 Dungeon Crawl Stone Soup version 0.19-a0-1827-g174f941 (webtiles) character file.

214 dvd the Gusty (level 5, -5/32 HPs)
             Began as a High Elf Air Elementalist on Oct 7, 2016.
             Killed by nerve-wracking pain
             ... invoked by an orc priest
              (14 damage)
             ... on level 4 of the Dungeon.
             The game lasted 00:08:57 (3017 turns).

dvd the Gusty (High Elf Air Elementalist)           Turns: 3017, Time: 00:08:58

Health: -5/32      AC:  4    Str:  6 (8)  XL:     5   Next: 59%
Magic:  2/11       EV: 13    Int: 16 (19) God:
Gold:   123        SH:  0    Dex: 12 (15) Spells: 3 memorised, 5 levels left

rFire  . . .     SeeInvis .     a - +2 dagger (flame)
rCold  . . .     Gourm    .     f - +0 robe
rNeg   . . .     Faith    .     (no shield)
rPois  .         Spirit   .     k - +0 helmet
rElec  .         Dismiss  .     u - +0 cloak
rCorr  .         Reflect  .     (no gloves)
MR     .....     Harm     .     (no boots)
Stlth  ++........               (no amulet)
                                (no ring)
                                (no ring)

@: very slightly contaminated, repel missiles
A: no striking features
a: no special abilities


You were on level 4 of the Dungeon.
You were not hungry.

You visited 1 branch of the dungeon, and saw 4 of its levels.

You collected 123 gold pieces.

Inventory:

Hand Weapons
 a - a +2 dagger of flaming (weapon)
 v - a +2 quarterstaff of chaos
Missiles
 i - 12 arrows
 j - 3 javelins (quivered)
Armour
 f - a +0 robe (worn)
 k - a +0 helmet (worn)
 u - a +0 cloak (worn)
Scrolls
 d - a scroll of blinking {unknown}
 e - a scroll of noise {unknown}
 h - 5 scrolls of identify {unknown}
 l - 3 scrolls of amnesia {unknown}
 m - 3 scrolls of enchant armour {unknown}
 o - a scroll of recharging {unknown}
 r - a scroll of immolation {unknown}
 s - a scroll of teleportation {unknown}
Books
 b - a book of Air

   Spells                             Type                      Level
   a - Shock                          Conjuration/Air              1
   b - Swiftness                      Charms/Air                   2
   c - Repel Missiles                 Charms/Air                   2
   d - Static Discharge               Conjuration/Air              3
   e - Lightning Bolt                 Conjuration/Air              5
Comestibles
 c - 2 bread rations
 q - a chunk of flesh
 t - a beef jerky


   Skills:
 + Level 0.8 Fighting
 + Level 1.0 Short Blades
 + Level 2.8 Dodging
 + Level 2.8 Stealth
 + Level 3.9 Spellcasting
 + Level 3.1 Conjurations
 + Level 4.8 Air Magic


You had 5 spell levels left.
You knew the following spells:

 Your Spells              Type           Power        Failure   Level  Hunger
a - Shock                 Conj/Air       ###.         4%          1    None
b - Repel Missiles        Chrm/Air       ##....       12%         2    ##.....
c - Static Discharge      Conj/Air       ###.....     12%         3    ###....


Dungeon Overview and Level Annotations

Branches:
Dungeon (4/15)
 Temple: D:4-7

Altars:


Message History

Unknown command.
Casting: Static Discharge
Confirm with . or Enter, or press ? or * to list all spells.
The orc wizard is struck by lightning.
You kill the orc wizard!
Your Conjurations skill increases to level 3!
The lightning arcs!
You are struck by lightning.
* * * LOW HITPOINT WARNING * * *
The lightning grounds out.
The adder barely misses you. The adder closely misses you.
It was a potion of cure mutation.
It has a very clean taste.
The orc priest barely misses you. The adder bites you but does no damage.
It was a potion of degeneration.
There was something very wrong with that liquid.
You feel weakened.
You feel dopey.
You feel clumsy. The adder completely misses you.
The orc priest barely misses you.
It was a potion of curing.
You feel better. The adder closely misses you.
The orc priest mumbles some strange prayers to Beogh against you.
Pain shoots through your body!
You die...

#..........#.#.......#
#............#..####...
#........>.####.. .#
#..........# #..
#..........# #...
#..........## #...
#...........#
#...........#
####.....@..#
#....)oS...+
#......).### ##.......#
#........# #........#
#..$..)..# #........#


You could see an orc priest and an adder.

Vanquished Creatures
  Crazy Yiuf (D:3)
  An orc wizard (D:4)
  An iguana (D:4)
  A worker ant (D:4)
  2 adders (D:2)
  An ooze (D:1)
  2 dart slugs (D:3)
  2 worms (D:3)
  3 leopard geckos
  4 orcs
  6 bats
  2 giant cockroaches
  11 goblins
  7 hobgoblins
  6 jackals (D:3)
  10 kobolds
  A quokka (D:3)
  A ball python (D:2)
  3 frilled lizards
  7 rats
72 creatures vanquished.

Notes
Turn   | Place    | Note
-------+----------+-------------------------------------------
     0 | D:1      | dvd the High Elf Air Elementalist began the quest for the Orb.
     0 | D:1      | Reached XP level 1. HP: 11/11 MP: 4/4
   276 | D:1      | Reached XP level 2. HP: 9/17 MP: 0/6
   288 | D:1      | Learned a level 2 spell: Repel Missiles
   726 | D:1      | Reached skill level 4 in Air Magic
  1010 | D:2      | Reached XP level 3. HP: 21/21 MP: 6/8
  1077 | D:2      | Learned a level 3 spell: Static Discharge
  1914 | D:3      | Reached XP level 4. HP: 27/27 MP: 5/9
  2347 | D:3      | Reached skill level 1 in Short Blades
  2522 | D:3      | Found a runed door.
  2526 | D:3      | Noticed Crazy Yiuf
  2530 | D:3      | Killed Crazy Yiuf
  2620 | D:4      | Noticed a phantom
  2620 | D:4      | Reached XP level 5. HP: 21/32 MP: 1/11
  3014 | D:4      | HP: 1/32 [/static electricity (1)]
  3017 | D:4      | Killed from afar by an orc priest

Vault maps used:
D:1:      elethiomel_arrival_infinity_welcomes_careful_drivers,
          minmay_stone_trees_small
D:2:      grunt_ministairs_3
D:3:      uniq_crazy_yiuf_cottage
D:4:      kennysheep_kobold_camp

Skill      XL: |  1  2  3  4  5 |
---------------+----------------+-----
Air Magic      | 4 |  4.8
Conjurations   | 2 3 |  3.1
Spellcasting   | 3 |  3.9
Short Blades   | 1 |  1.0
Fighting       | |  0.8
Dodging        | |  2.8
Stealth        | |  2.8

Action                   |  1- 3 |  4- 6 || total
-------------------------+-------+-------++-------
Melee: Unarmed           |     4 |       ||     4
       Dagger            |    19 |    31 ||    50
 Cast: Shock             |    76 |    41 ||   117
       Repel Missiles    |     1 |       ||     1
       Static Discharge  |       |     7 ||     7
  Use: Potion            |       |     3 ||     3
 Stab: Sleeping          |     1 |     1 ||     2
  Eat: Chunk             |     3 |     4 ||     7
Armor: Robe              |     5 |     6 ||    11
Dodge: Dodged            |    24 |    40 ||    64
       Deflected         |     2 |       ||     2
